 Dungeon Crawl Stone Soup version 0.30-a0-368-g86fb4627a9 (webtiles) character file.

Game seed: 4879235501607027046

126368 sleeves the Peltast (level 16, -5/183 HPs)
             Began as a Demonspawn Berserker on Nov 18, 2022.
             Was the Champion of Trog.
             Succumbed to a redback's poison
             ... on level 2 of the Spider Nest.
             The game lasted 01:03:13 (28608 turns).

sleeves the Peltast (Demonspawn Berserker)         Turns: 28608, Time: 01:03:14

Health: -5/183     AC: 19    Str: 21      XL:     16   Next: 43%
Magic:  15/16      EV: 16    Int: 14      God:    Trog [******]
Gold:   1946       SH: 14    Dex: 17 (18) Spells: 15/15 levels left

rFire   + . .      SeeInvis .    u - +1 demon whip (venom)
rCold   + . .      Faith    .    W - +0 kite shield {reflect}
rNeg    + . .      Spirit   .    S - +1 chain mail of Jaguogh {rC+ Dex+4 Slay+3 Stlth-}
rPois   .          Reflect  +    (helmet unavailable)
rElec   .          Harm     .    k - +1 cloak {Stlth+}
rCorr   .          Rampage  .    m - +0 pair of gloves
Will    .....                    x - +2 pair of boots
Stlth   ..........               y - amulet of regeneration
HPRegen 1.30/turn                I - ring of Happiness {rF+ rN+ Will- Int+4}
MPRegen 0.15/turn                Z - +4 ring of slaying

@: berserking (expiring), lethally poisoned (-5 -> -47), studying Shields, repel
missiles, very quick
A: horns 3, repulsion field 3, augmentation 1, condensation shield, demonic
magic 2, weak 1, MP-powered wands
a: Renounce Religion, Berserk, Trog's Hand, Brothers in Arms


You were on level 2 of the Spider Nest.
You worshipped Trog.
Trog was exalted by your worship.
You visited 4 branches of the dungeon, and saw 24 of its levels.
You also visited: Ossuary, Bailey and Ice Cave.

You collected 2560 gold pieces.
You spent 614 gold pieces at shops.

Inventory:

Hand Weapons
 u - a +1 demon whip of venom (weapon)
   (You took it off Amaemon on level 2 of the Lair of Beasts)
 z - a +7 vorpal mace
   (You took it off Robin on level 4 of the Dungeon)
 B - a +1 eveningstar of protection
   (You acquired it on level 15 of the Dungeon)
Missiles
 c - 5 curare-tipped darts
 i - 5 silver javelins
 o - a throwing net
 K - a silver boomerang
 O - 23 boomerangs (quivered)
Armour
 k - a +1 cloak of stealth (worn)
   (You found it on level 9 of the Dungeon)
 m - a +0 pair of gloves (worn)
   (You found it on level 2 of the Dungeon)
 v - a scarf of resistance
   (You acquired it on level 15 of the Dungeon)
 x - a +2 pair of boots (worn)
   (You found it on level 14 of the Dungeon)
 S - the +1 chain mail of Jaguogh (worn) {rC+ Dex+4 Slay+3 Stlth-}
   (You found it in a bailey)

   Dex:       It affects your dexterity (+4).
   Slay:      It affects your accuracy & damage with ranged weapons and melee
   (+3).
   rC:        It protects you from cold.
   Stlth:     It makes you less stealthy.
 T - the +4 chain mail of Tots {rPois rF+ Int+3}
   (You bought it in a shop on level 2 of the Orcish Mines)

   Int:       It affects your intelligence (+3).
   rF:        It protects you from fire.
   rPois:     It protects you from poison.
 W - a +0 kite shield of reflection (worn)
   (You took it off a tengu warrior on level 12 of the Dungeon)
Jewellery
 b - the ring of the Equinox {rC+ Int+3}
   (You found it on level 4 of the Dungeon)

   [ring of protection from cold]

   Int:       It affects your intelligence (+3).
   rC:        It protects you from cold.
 y - an amulet of regeneration (around neck)
   (You found it in an ice cave)
 I - the ring of Happiness (left hand) {rF+ rN+ Will- Int+4}
   (You found it in an ice cave)

   [ring of protection from fire]

   Int:       It affects your intelligence (+4).
   rF:        It protects you from fire.
   rN:        It protects you from negative energy.
   Will:      It decreases your willpower.
 X - a ring of poison resistance
   (You found it on level 1 of the Lair of Beasts)
 Z - a +4 ring of slaying (right hand)
   (You found it on level 3 of the Lair of Beasts)
Wands
 r - a wand of polymorph (6)
   (You took it off Grinder on level 3 of the Dungeon)
 C - a wand of flame (73)
   (You took it off Pikel on level 4 of the Dungeon)
 D - a wand of light (7)
   (You took it off Duvessa on level 4 of the Dungeon)
 E - a wand of charming (9)
   (You took it off Ijyb on level 4 of the Dungeon)
 M - a wand of roots (22)
   (You took it off a gnoll sergeant on level 6 of the Dungeon)
 N - a wand of mindburst (9)
   (You found it on level 6 of the Dungeon)
Scrolls
 a - a scroll of summoning
 f - 3 scrolls of enchant weapon
 g - 6 scrolls of enchant armour
 h - 4 scrolls of poison
 j - 2 scrolls of fear
 p - 8 scrolls of teleportation
 s - 5 scrolls of immolation
 t - 3 scrolls of silence
 H - 6 scrolls of magic mapping
 J - 6 scrolls of fog
 P - 4 scrolls of blinking
 V - a scroll of torment
Potions
 d - 6 potions of mutation
 e - 5 potions of might
 l - a potion of cancellation
 q - 4 potions of haste
 w - 6 potions of attraction
 A - a potion of invisibility
 F - 7 potions of flight
 G - 2 potions of resistance
 L - 9 potions of curing
 Q - 2 potions of heal wounds
 R - 10 potions of ambrosia
 U - 2 potions of berserk rage {unknown}
Miscellaneous
 n - a lightning rod (4/4)
   (You found it in an ice cave)


   Skills:
 - Level 10.0 Fighting
 - Level 14.0 Maces & Flails
 + Level 9.7 Throwing
 - Level 10.0 Armour
 - Level 10.0 Dodging
 + Level 16.6 Shields


You had 15 spell levels left.
You didn't know any spells.
Your spell library was empty.

Dungeon Overview and Level Annotations

Branches:
Dungeon (15/15)            Temple (0/1) D:5            Lair (5/5) D:11
 Shoals (0/4) Lair:2       Spider (2/4) Lair:3        Slime (0/5) Lair:5
    Orc (2/2) D:10            Elf (0/3) Orc:2        Vaults (0/5) D:13
 Depths (0/4) D:15        Ossuary (visited)          Bailey (visited)
  IceCv (visited)

Altars:
Ashenzari
Fedhas
Gozag
Makhleb
Okawaru
Sif Muna
Trog
Wu Jian
Jiyva

Shops:
D:15 !   Orc:2 **[(

Portals:
Hell: Lair:5
Trove: D:13 (give 5 potions of resistance)


Innate Abilities, Weirdness & Mutations

You have a pair of large horns on your head.
You are surrounded by a strong repulsion field. (EV +4, RMsl)
Your magical and physical power is slightly enhanced at high health.
A meltable shield of frost defends you. (SH +0)
Spells you cast may paralyse nearby enemies.
You are weak. (Str -2)
You expend magic power (3 MP) to strengthen your wands.


Message History

The torpor snail completely misses you.
You hit the torpor snail.
The torpor snail looks as sick as possible!
You headbutt the torpor snail!
You kill the torpor snail!
Trog accepts your kill.
You feel yourself speed up.
You thrash the tarantella!!
You kill the tarantella!
Trog accepts your kill.
The orb spider pulsates with a strange energy.
Your Throwing skill increases to level 9!
The orb spider weaves a glowing orb of energy.
An orb of destruction comes into view.
You whack the orb spider! You headbutt the orb spider.
The orb spider is moderately wounded.
The orb spider spins a strand of pure energy.
You whack the orb spider!
The orb spider is poisoned.
You headbutt the orb spider!
The orb spider is severely wounded.
You whack the orb spider!
The orb spider looks as sick as possible!
You headbutt the orb spider.
You kill the orb spider!
Trog accepts your kill.
Your Shields skill increases to level 16!
No target in view!
No target in view!
No target in view!
No target in view!
No target in view!
No target in view!
No target in view!
No target in view!
No target in view!
No target in view!
No target in view!
Found 6 stones.
Y - 3 scrolls of identify (gained 1)
Found a stone staircase leading up.
Found a stone.
A culicivora comes into view.
The culicivora's many legs skitter faintly.
As you read the scroll of identify, it crumbles to dust.
A - 2 potions of invisibility A culicivora comes into view.
As you read the scroll of identify, it crumbles to dust.
G - 2 potions of resistance
As you read the scroll of identify, it crumbles to dust.
l - a potion of cancellation You block the culicivora's attack.
You hit the culicivora.
The culicivora is poisoned.
Your headbutt misses the culicivora.
The culicivora is lightly wounded.
The culicivora barely misses you.
You barely miss the culicivora.
The culicivora is lightly wounded.
You block the culicivora's attack.
You barely miss the culicivora.
The culicivora is moderately wounded.
The culicivora closely misses you.
You miss the culicivora. You headbutt the culicivora!!
The culicivora is severely wounded.
The culicivora bites you!
The culicivora draws strength from your injuries!
The culicivora misses you.
You thrash the culicivora!!
You kill the culicivora!
Trog accepts your kill.
You miss the culicivora. You block the culicivora's attack.
You hit the culicivora.
The culicivora is poisoned.
The culicivora is lightly wounded.
The culicivora bites you but does no damage.
You thrash the culicivora!!
You kill the culicivora!
Trog accepts your kill.
No target in view!
No target in view!
No target in view!
No target in view!
No target in view!
No target in view!
No target in view!
No target in view!
You see here a culicivora corpse.
Found a falchion.
Found a stone staircase leading down.
You see here a redback corpse.
There is an escape hatch in the floor here.
You feel you are being watched by something.
You feel your power leaking away.
You feel you are being watched by something.
You feel your power leaking away. Something barely misses you.
Something hits you but does no damage.
Deactivating autopickup; reactivate with Ctrl-A.
Something stings you but does no damage.
You feel you are being watched by something.
You feel your power leaking away.
* * * LOW MAGIC WARNING * * *
Something hits you!
You feel dopey. Something completely misses you. Something stings you!
You feel clumsy.
You whack something! Something hits you but does no damage. Something hits you!
Something stings you but does no damage.
You whack something! You headbutt something!
Something hits you but does no damage. Something hits you.
Something stings you.
You feel weakened.
You whack something! You headbutt something!
You feel you are being watched by something.
You feel your power leaking away.
* * * LOW MAGIC WARNING * * *
You block something's attack. Something hits you but does no damage.
Something stings you but does no damage.
You miss something. You headbutt something. You whack something!
Trog accepts your kill.
Reactivating autopickup.
You feel a bit more experienced.
You see here a ghost moth corpse.
An entropy weaver comes into view.
An entropy weaver is nearby!
An entropy weaver is nearby!
An entropy weaver is nearby!
The entropy weaver shouts!
You hear a hideous shriek!
The entropy weaver casts a spell at you.
The entropic weave corrodes you! The entropy weaver barely misses you.
You block the entropy weaver's attack. x2
The entropy weaver barely misses you.
A demonic crawler comes into view.
You barely miss the entropy weaver.
The demonic crawler gives a hideous shriek!
You block the entropy weaver's attack. The entropy weaver closely misses you.
The entropy weaver hits you! x2
You barely miss the entropy weaver. You hit the entropy weaver.
The entropy weaver is poisoned.
You headbutt the entropy weaver!
The entropy weaver is moderately wounded.
You block the entropy weaver's attack. x3
The entropy weaver closely misses you.
You hit the entropy weaver.
The entropy weaver looks as sick as possible!
You headbutt the entropy weaver!
The entropy weaver is moderately wounded.
The entropy weaver misses you.
The entropy weaver hits you but does no damage.
You block the entropy weaver's attack. The entropy weaver hits you.
You barely miss the entropy weaver.
Your headbutt misses the entropy weaver.
The entropy weaver is heavily wounded.
A jumping spider comes into view.
You whack the entropy weaver!
The entropy weaver looks as sick as possible!
You headbutt the entropy weaver!
The entropy weaver is severely wounded.
The demonic crawler shrieks in warning!
The entropy weaver points at you and mumbles some strange words.
The entropic weave corrodes you!
You hear a faint skittering sound.
You hit the entropy weaver.
The entropy weaver looks as sick as possible!
You headbutt the entropy weaver!
The entropy weaver is almost dead.
You kill the entropy weaver!
Trog accepts your kill.
Trog appreciates your killing of a magic user.
A tarantella comes into view.
The jumping spider leaps!
You whack the demonic crawler!
You headbutt the demonic crawler, but do no damage.
The demonic crawler is lightly wounded.
You block the demonic crawler's attack. x2; The demonic crawler hits you.
You hit the demonic crawler but do no damage.
The demonic crawler is lightly wounded.
The demonic crawler hits you.
The demonic crawler hits you but does no damage.
The demonic crawler closely misses you.
You hit the demonic crawler but do no damage.
The demonic crawler is lightly wounded.
You block the demonic crawler's attack. x2
The demonic crawler closely misses you.
You closely miss the demonic crawler.
The demonic crawler is lightly wounded.
You hit the demonic crawler.
The demonic crawler is poisoned.
You headbutt the demonic crawler!
The demonic crawler is moderately wounded.
You block the jumping spider's attack. x2
The demonic crawler shrieks in warning!
You hear a faint skittering sound. x2
You whack the demonic crawler!
The demonic crawler is severely wounded.
The tarantella touches you but does no damage.
The jumping spider leaps!
The demonic crawler hits you but does no damage.
You block the demonic crawler's attack. x2
You hit the demonic crawler but do no damage.
The demonic crawler is severely wounded.
You block the tarantella's attack.
You whack the demonic crawler!
The demonic crawler looks as sick as possible!
You headbutt the demonic crawler, but do no damage.
The demonic crawler is almost dead.
You block the demonic crawler's attack. The demonic crawler barely misses you.
You block the demonic crawler's attack. The tarantella misses you.
You barely miss the demonic crawler.
Your headbutt misses the demonic crawler.
The demonic crawler is almost dead.
The tarantella closely misses you.
You block the demonic crawler's attack. x2
The demonic crawler misses you.
The jumping spider leaps!
You hit the demonic crawler but do no damage.
Your headbutt misses the demonic crawler.
The demonic crawler is almost dead.
The tarantella touches you. You block the demonic crawler's attack.
The demonic crawler hits you! You block the demonic crawler's attack.
The jumping spider leaps!
You barely miss the demonic crawler.
Your headbutt misses the demonic crawler.
The demonic crawler is almost dead.
The tarantella misses you.
The demonic crawler shrieks in warning!
You hear a faint skittering sound.
You whack the demonic crawler!
You kill the demonic crawler!
Trog accepts your kill. You block the tarantella's attack.
You miss the tarantella. You headbutt the tarantella.
The tarantella is lightly wounded.
The jumping spider leaps!
The tarantella misses you.
You whack the tarantella!
The tarantella is poisoned.
You headbutt the tarantella!
The tarantella is almost dead.
You whack the tarantella!
You kill the tarantella!
Trog accepts your kill.
No target in view!
No target in view!
No target in view!
No target in view!
No target in view!
No target in view!
No target in view!
No target in view!
No target in view!
No target in view!
No target in view!
No target in view!
A jumping spider is nearby!
A jumping spider is nearby!
A jumping spider is nearby!
A jumping spider is nearby!
You hit the jumping spider.
The jumping spider is poisoned.
You headbutt the jumping spider, but do no damage.
The jumping spider is lightly wounded.
You block the jumping spider's attack. The jumping spider closely misses you.
You hit the jumping spider.
The jumping spider looks as sick as possible!
The jumping spider is moderately wounded.
You block the jumping spider's attack. x2
You barely miss the jumping spider.
The jumping spider is heavily wounded.
The jumping spider pounces on you.
The jumping spider bites you but does no damage.
You barely miss the jumping spider.
The jumping spider is heavily wounded.
You block the jumping spider's attack. The jumping spider closely misses you.
You whack the jumping spider!
You kill the jumping spider!
Trog accepts your kill.
No target in view!
No target in view!
No target in view!
No target in view!
No target in view!
No target in view!
You are no longer corroded.
Magic restored.
You see here an entropy weaver corpse.
You see here a tarantella corpse.
There is an escape hatch in the ceiling here.
An orb spider comes into view.
An orb spider is nearby!
An orb spider is nearby!
An orb spider is nearby! 2 jumping spiders come into view.
Found a stone staircase leading up.
The jumping spider's many legs skitter faintly.
The jumping spider leaps!
The orb spider spins a strand of pure energy.
The jumping spider moves out of view.
The jumping spider leaps!
The orb spider weaves a glowing orb of energy.
Your +0 kite shield of reflection reflects the orb of destruction!
The wavering orb of destruction hits the orb spider!!!
You blow up the orb spider!
Trog accepts your kill. The jumping spider pounces on you.
You block the jumping spider's attack.
You whack the jumping spider!
The jumping spider is heavily wounded.
The jumping spider completely misses you.
The jumping spider barely misses you.
You completely miss the jumping spider.
The jumping spider is heavily wounded.
You block the jumping spider's attack.
The jumping spider bites you but does no damage.
You block the jumping spider's attack. The jumping spider misses you.
You closely miss the jumping spider.
The jumping spider is heavily wounded.
The jumping spider pounces on you. The jumping spider barely misses you.
The jumping spider leaps!
You barely miss the jumping spider. You headbutt the jumping spider!
You kill the jumping spider!
Trog accepts your kill.
The jumping spider leaps!
The jumping spider closely misses you. The jumping spider barely misses you.
You thrash the jumping spider!!
The jumping spider looks as sick as possible!
The jumping spider is severely wounded.
You block the jumping spider's attack. x2
You thrash the jumping spider!!
You kill the jumping spider!
Trog accepts your kill.
No target in view!
No target in view!
No target in view!
No target in view!
No target in view!
No target in view!
e - 5 potions of might (gained 2)
A jumping spider comes into view.
A redback comes into view.
There are monsters nearby!
There are monsters nearby!
A jumping spider comes into view.
A broodmother comes into view.
The broodmother's many legs skitter.
The jumping spider's many legs skitter faintly.
You hear a faint skittering sound. x2
A jumping spider comes into view. x2
You block the jumping spider's attack.
The jumping spider bites you but does no damage.
A culicivora comes into view.
The culicivora's many legs skitter faintly.
You whack the jumping spider!
The jumping spider is moderately wounded.
A jumping spider comes into view.
The jumping spider leaps!
The jumping spider pounces on you but does no damage.
You block the jumping spider's attack.
The jumping spider leaps!
The jumping spider's many legs skitter faintly.
You thrash the jumping spider!!
The jumping spider is almost dead.
You block the jumping spider's attack. x2; The redback completely misses you.
The jumping spider leaps!
You barely miss the jumping spider.
The jumping spider is almost dead.
The jumping spider leaps!
You block the jumping spider's attack. The jumping spider misses you.
You whack the jumping spider!
You kill the jumping spider!
Trog accepts your kill. You block the redback's attack.
The jumping spider leaps!
You completely miss the jumping spider.
The jumping spider leaps!
The redback misses you.
The broodmother summons spiders!
You thrash the redback!!
The redback looks as sick as possible!
The redback is severely wounded.
The redback bites you but does no damage.
The broodmother summons spiders!
The redback is healed somewhat.
You completely miss the redback.
The redback is moderately wounded.
The jumping spider enters a dispersal trap!
You blink.
The jumping spider leaps!
You whack the redback!
The redback looks as sick as possible!
You headbutt the redback.
You kill the redback!
Trog accepts your kill.
The jumping spider leaps!
You block the jumping spider's attack. x2
The jumping spider leaps! x2
You whack the jumping spider!
The jumping spider is moderately wounded.
The culicivora misses you.
You block the jumping spider's attack. x2
Really walk into that dispersal trap?
You enter a dispersal trap!
The jumping spider leaps!
The culicivora blinks!
The tarantella blinks!
The jumping spider leaps!
The culicivora blinks!
The jumping spider leaps! x2; You blink.
You are caught in the web!
There is a web here.
You struggle to detach yourself from the web.
You disentangle yourself.
The jumping spider leaps! x2
You block the tarantella's attack.
You closely miss the jumping spider.
The jumping spider leaps!
The tarantella touches you but does no damage.
The jumping spider leaps!
The culicivora bites you.
The culicivora draws strength from your injuries!
The tarantella barely misses you.
The tarantella attacks as you move away!
The tarantella barely misses you. The jumping spider misses you.
You block the jumping spider's attack. You block the culicivora's attack.
The tarantella touches you but does no damage.
The jumping spider leaps!
The culicivora bites you but does no damage.
The culicivora attacks as you move away!
You block the culicivora's attack. You block the tarantella's attack.
The jumping spider leaps! x2
The tarantella touches you but does no damage.
The jumping spider leaps!
You block the tarantella's attack.
There is a stone staircase leading up here.
The jumping spider leaps! x2; You block the tarantella's attack.
You block the culicivora's attack. You block the tarantella's attack.
The jumping spider leaps!
The tarantella barely misses you.
The broodmother enters a dispersal trap!
The tarantella blinks!
The jumping spider leaps! x2; The culicivora blinks!
The jumping spider leaps!
The tarantella blinks! x2; The culicivora blinks! x2
The tarantella blinks! x2; You blink.
You stop ascending the stairs.
There are monsters nearby!
There are monsters nearby!
The jumping spider leaps!
You block the jumping spider's attack. The jumping spider misses you.
The jumping spider attacks as you move away!
You block the jumping spider's attack. The jumping spider closely misses you.
The jumping spider leaps!
The jumping spider enters a dispersal trap!
The tarantella blinks!
The jumping spider leaps! x2; The culicivora blinks!
The jumping spider leaps! x2; The tarantella blinks!
You blink.
The jumping spider leaps! x2
You block the tarantella's attack.
The jumping spider leaps!
The tarantella barely misses you. The tarantella touches you.
You miss the tarantella. You headbutt the tarantella.
The tarantella is lightly wounded.
You block the jumping spider's attack.
The jumping spider bites you but does no damage.
The jumping spider leaps!
The tarantella's wounds heal themselves!
The broodmother enters a dispersal trap!
The tarantella blinks! x4; The jumping spider leaps!
The culicivora blinks!
The jumping spider leaps! x3; You blink.
The broodmother blinks!
You block the jumping spider's attack. x2
The jumping spider's wounds heal themselves!
You block the culicivora's attack. You block the jumping spider's attack.
The jumping spider barely misses you.
The jumping spider pounces on you but does no damage.
The jumping spider bites you but does no damage.
You block the culicivora's attack.
The jumping spider leaps! x3
You block the culicivora's attack. You block the tarantella's attack.
The culicivora bites you but does no damage.
You block the tarantella's attack.
You thrash the tarantella!!
The tarantella is poisoned.
The tarantella is severely wounded.
The jumping spider leaps!
The culicivora bites you.
The culicivora draws strength from your injuries!
You block the tarantella's attack. The culicivora closely misses you.
You closely miss the tarantella. You headbutt the tarantella.
You kill the tarantella!
The tarantella's corpse disappears in a puff of smoke!
The tarantella misses you.
The jumping spider leaps!
The culicivora barely misses you.
The jumping spider leaps!
The culicivora misses you. You block the tarantella's attack.
The jumping spider leaps!
You block the culicivora's attack. You block the tarantella's attack.
The jumping spider leaps!
You barely miss the tarantella. You headbutt the tarantella!
The tarantella is moderately wounded.
You block the culicivora's attack. You block the tarantella's attack.
The jumping spider leaps!
The culicivora barely misses you. The tarantella barely misses you.
The broodmother misses you.
The jumping spider leaps!
You whack the tarantella!
The tarantella is poisoned.
The tarantella is severely wounded.
You block the culicivora's attack. You block the tarantella's attack.
You block the culicivora's attack. The tarantella touches you!
You closely miss the tarantella. You headbutt the tarantella!
You kill the tarantella!
The tarantella's corpse disappears in a puff of smoke!
The jumping spider leaps!
The broodmother closely misses you. The tarantella completely misses you.
The culicivora misses you.
The jumping spider leaps!
You block the culicivora's attack.
The culicivora attacks as you move away!
The culicivora barely misses you. The tarantella touches you.
You are confused.
The broodmother bites you!!
A spider bursts forth from the wound!
The jumping spider leaps! x2
There is a stone staircase leading up, spattered with blood here.
The tarantella touches you.
You are more confused.
The broodmother bites you!! The jumping spider misses you.
The jumping spider closely misses you. The tarantella touches you!
The tarantella barely misses you. The broodmother bites you!!
* * * LOW HITPOINT WARNING * * *
In your confused state, you trip and fall back down the stairs.
* * * LOW HITPOINT WARNING * * *
The jumping spider pounces on you!
* * * LOW HITPOINT WARNING * * *
You are caught in a web!
The jumping spider bites you but does no damage.
The jumping spider leaps! x2
The tarantella touches you but does no damage.
The tarantella closely misses you.
The jumping spider pounces on you but does no damage.
The jumping spider bites you but does no damage.
The jumping spider pounces on you but does no damage.
The jumping spider bites you but does no damage.
The jumping spider leaps!
The broodmother bites you!!
* * * LOW HITPOINT WARNING * * *
The tarantella touches you but does no damage.
You are too confused!
You feel much better. The tarantella barely misses you.
The jumping spider leaps!
The jumping spider pounces on you but does no damage.
The jumping spider closely misses you. The jumping spider barely misses you.
The jumping spider closely misses you.
The jumping spider leaps! x2
The tarantella barely misses you.
The jumping spider leaps!
You feel much better.
The culicivora disappears in a puff of smoke!
The jumping spider pounces on you but does no damage.
The jumping spider bites you but does no damage.
The jumping spider pounces on you but does no damage.
The jumping spider bites you but does no damage.
The tarantella misses you. The tarantella barely misses you.
The jumping spider pounces on you!
* * * LOW HITPOINT WARNING * * *
The jumping spider bites you.
* * * LOW HITPOINT WARNING * * *
The jumping spider pounces on you but does no damage.
The jumping spider bites you but does no damage.
The jumping spider leaps!
The tarantella touches you!
* * * LOW HITPOINT WARNING * * *
You are more confused.
You feel better.
The tarantella disappears in a puff of smoke!
The culicivora bites you!
* * * LOW HITPOINT WARNING * * *
The culicivora draws strength from your injuries!
The broodmother summons spiders!
The jumping spider pounces on you but does no damage.
The jumping spider closely misses you. The tarantella barely misses you.
The culicivora completely misses you.
The jumping spider leaps!
Okay, then.
Press: ? - help, v - describe, . - travel
Here: a broodmother (black smoke)
The floor.
Unknown command.
Unknown command.
Unknown command.
Unknown command.
As you read the scroll of fear, it crumbles to dust.
You assume a fearsome visage.
The tarantella looks frightened!
The jumping spider looks frightened!
The tarantella resists with some effort.
The jumping spider looks frightened! x3; The culicivora looks frightened!
The jumping spider looks frightened!
The broodmother resists with some effort.
The jumping spider looks frightened!
The jumping spider leaps!
The jumping spider enters a dispersal trap!
The jumping spider leaps! x4; The culicivora blinks!
The broodmother blinks!
The tarantella blinks! x2; The jumping spider leaps!
The tarantella blinks!
The culicivora blinks!
You blink.
The jumping spider leaps! x4
The jumping spider's many legs skitter faintly.
The jumping spider leaps! x5; The broodmother summons spiders!
The jumping spider leaps!
As you read the scroll of teleportation, it crumbles to dust.
You feel strangely unstable.
The jumping spider leaps!
Cornered, the tarantella turns to fight!
The jumping spider leaps!
You block the redback's attack.
The jumping spider leaps! x2
Your skin crawls.
You feel strong-willed. The redback bites you!
* * * LOW HITPOINT WARNING * * *
You block the broodmother's attack.
The jumping spider leaps!
The tarantella touches you but does no damage.
You block the redback's attack. The tarantella barely misses you.
You hit the broodmother.
The broodmother is poisoned.
The broodmother is lightly wounded.
The jumping spider leaps!
You block the broodmother's attack.
You whack the broodmother!
The broodmother looks as sick as possible!
You headbutt the broodmother!
The broodmother is moderately wounded.
The tarantella touches you!
* * * LOW HITPOINT WARNING * * *
You block the tarantella's attack.
The redback bites you but does no damage.
The jumping spider leaps!
The tarantella attacks as you move away!
The tarantella touches you but does no damage.
The jumping spider leaps!
The broodmother attacks as you move away!
You block the broodmother's attack.
Your surroundings suddenly seem different.
A tarantella, 2 redbacks and an emperor scorpion come into view.
Found 2 stones.
The tarantella's many legs skitter faintly.
As you read the scroll of teleportation, it crumbles to dust.
You feel strangely unstable.
You fade into invisibility!
Your surroundings suddenly seem different.
There is a stone staircase leading up here.
You start resting.
You flicker for a moment.
You start resting.
You flicker back into view.
You feel the effects of Trog's Hand fading.
Your skin stops crawling.
You feel less strong-willed.
HP restored.
There is an escape hatch in the floor here.
You see here a jumping spider corpse.
A redback comes into view.
A redback is nearby!
A redback is nearby!
A redback is nearby!
A culicivora and a redback come into view.
The culicivora's many legs skitter faintly.
A culicivora comes into view.
The redback moves out of view.
The culicivora's many legs skitter faintly.
The culicivora bites you but does no damage.
You thrash the culicivora!!
The culicivora looks as sick as possible!
The culicivora is severely wounded.
You kill the culicivora!
Trog accepts your kill.
You feel your strength returning.
You completely miss the redback. You block the redback's attack.
You barely miss the redback. You headbutt the redback!
The redback is heavily wounded.
You block the redback's attack.
You barely miss the redback. You headbutt the redback!
You kill the redback!
Trog accepts your kill. The redback bites you!
You closely miss the culicivora. Your headbutt misses the culicivora.
You block the redback's attack.
The culicivora bites you but does no damage.
You miss the culicivora. You headbutt the culicivora!
The culicivora is lightly wounded.
The redback misses you. You block the culicivora's attack.
You whack the culicivora! You headbutt the culicivora!
The culicivora is heavily wounded.
You block the redback's attack. You block the culicivora's attack.
You barely miss the culicivora. You headbutt the culicivora.
The culicivora is severely wounded.
You block the redback's attack.
You thrash the culicivora!!
You kill the culicivora!
Trog accepts your kill.
You whack the redback!
The redback looks as sick as possible!
The redback is heavily wounded.
You block the redback's attack.
You thrash the redback!!
You kill the redback!
Trog accepts your kill.
A redback comes into view.
You see here a redback corpse.
You thrash the jumping spider!!
The jumping spider is poisoned.
The jumping spider is almost dead.
You hear a skittering sound.
You block the jumping spider's attack.
The jumping spider bites you but does no damage.
You barely miss the jumping spider.
Your headbutt misses the jumping spider.
The jumping spider is almost dead.
You kill the jumping spider!
Trog accepts your kill.
The broodmother's many legs skitter.
The redback bites you! The redback misses you.
You whack the redback!
The redback is poisoned.
The redback is moderately wounded.
The broodmother summons spiders!
The redback bites you but does no damage.
You whack the redback!
The redback looks as sick as possible!
You headbutt the redback.
The redback is almost dead.
You kill the redback!
Trog accepts your kill.
The broodmother summons spiders!
You hit the redback.
The redback is lightly wounded.
You block the redback's attack.
You whack the broodmother!
The broodmother is poisoned.
You headbutt the broodmother!
The broodmother is moderately wounded.
You block the redback's attack.
You thrash the broodmother!!
The broodmother looks as sick as possible!
The broodmother is moderately wounded.
You whack the broodmother!
The broodmother looks as sick as possible!
You headbutt the broodmother!!
The broodmother is severely wounded.
You block the redback's attack.
There are monsters nearby!
You thrash the broodmother!!
The broodmother looks as sick as possible!
You headbutt the broodmother!
The broodmother is almost dead.
You thrash the broodmother!!
You kill the broodmother!
Trog accepts your kill.
The redback disappears in a puff of smoke!
The jumping spider disappears in a puff of smoke!
The redback disappears in a puff of smoke!
No target in view!
No target in view!
You see here a broodmother corpse.
A jumping spider is nearby!
A jumping spider is nearby!
A jumping spider is nearby!
The jumping spider's many legs skitter faintly.
The jumping spider leaps!
The jumping spider pounces on you!
You are caught in a web!
The jumping spider closely misses you.
There is a web here.
You are caught in a web!
You are caught in a web!
You are caught in a web!
You are caught in a web!
You are caught in a web!
You are caught in a web!
You are caught in a web!
You are caught in a web!
The web tears apart.
You block the jumping spider's attack. x2
You thrash the jumping spider!!
The jumping spider looks as sick as possible!
The jumping spider is severely wounded.
You kill the jumping spider!
Trog accepts your kill.
The jumping spider's many legs skitter faintly.
You hit the jumping spider.
Your headbutt misses the jumping spider.
The jumping spider is lightly wounded.
You block the jumping spider's attack. The jumping spider misses you.
You hit the jumping spider but do no damage.
The jumping spider is poisoned.
The jumping spider is lightly wounded.
You whack the jumping spider!
The jumping spider looks as sick as possible!
The jumping spider is heavily wounded.
The jumping spider leaps! x2
You thrash the culicivora!!
The culicivora is heavily wounded.
The jumping spider leaps!
You miss the culicivora.
The culicivora is heavily wounded.
You block the culicivora's attack.
The jumping spider leaps!
You block the jumping spider's attack. x2
You whack the culicivora! You headbutt the culicivora.
You kill the culicivora!
Trog accepts your kill.
You hit the jumping spider.
The jumping spider is lightly wounded.
You kill the jumping spider!
Trog accepts your kill. You block the jumping spider's attack.
The jumping spider bites you but does no damage.
You hit the jumping spider but do no damage.
The jumping spider is poisoned.
The jumping spider is lightly wounded.
The jumping spider pounces on you but does no damage.
The jumping spider completely misses you.
You barely miss the jumping spider. You headbutt the jumping spider.
The jumping spider is moderately wounded.
You block the jumping spider's attack. x2
You hit the jumping spider.
The jumping spider looks as sick as possible!
You headbutt the jumping spider!
The jumping spider is severely wounded.
The jumping spider barely misses you. You block the jumping spider's attack.
You whack the jumping spider!
You kill the jumping spider!
Trog accepts your kill.
You feel your intelligence returning.
No target in view!
No target in view!
No target in view!
No target in view!
No target in view!
No target in view!
No target in view!
No target in view!
No target in view!
No target in view!
You see here a jumping spider corpse.
You see here a redback corpse.
Found a book of Debilitation.
You now have 1946 gold pieces (gained 15).
Azrael and a fire elemental come into view.
Azrael is wielding a +3 scimitar of flaming.
Found a coral ring.
There are monsters nearby!
A culicivora comes into view.
The culicivora's many legs skitter faintly.
You hear a bark!
A hell hound comes into view.
A fire elemental comes into view.
The culicivora is engulfed in blazing flames.
Azrael gestures at you.
The sphere of damnation explodes!
The damnation engulfs you!!
Unknown command.
You're wearing all the rings you can.
Remove which one? (? for menu, Esc to cancel) < or
X - a ring of poison resistance; > or
Z - a +4 ring of slaying You remove your ring of poison resistance.
You feel clever.
I - the ring of Happiness (left hand) {rF+ rN+ Will- Int+4} A radroach comes into view.
Aiming: Bolt of Light
Press: ? - help, Shift-Dir - straight line, f - Azrael
Aim: Azrael, wielding a +3 scimitar of flaming (flame, 90% to hit)
You feel a surge of power!
The bolt of light hits the fire elemental!
The fire elemental is moderately damaged.
The bolt of light hits Azrael!
Azrael is lightly wounded.
Azrael is blinded.
A hell hound comes into view.
You whack the fire elemental!
The fire elemental is severely damaged.
The fire elemental hits you. The fire elemental burns you!
Your condensation shield dissipates!
You resist.
You hit the fire elemental.
The fire elemental is severely damaged.
The hell hound breathes flames at you.
The blast of flame hits the fire elemental.
The fire elemental completely resists.
The blast of flame hits you. You resist. The fire elemental hits you.
The fire elemental burns you! You resist.
The radroach is engulfed in blazing flames.
The culicivora bites you but does no damage.
You block the fire elemental's attack. You block the culicivora's attack.
Azrael's eyes look fiery.
You miss the culicivora. Your headbutt misses the culicivora.
The culicivora is lightly wounded.
You block the fire elemental's attack. The culicivora closely misses you.
You closely miss the culicivora.
You headbutt the culicivora, but do no damage.
The culicivora is lightly wounded.
You block the fire elemental's attack. Azrael gestures at you.
The sphere of damnation explodes!
The damnation engulfs the fire elemental!!
The fire elemental is destroyed!
The damnation engulfs Azrael.
Azrael completely resists.
The damnation engulfs the culicivora!
The damnation engulfs the hell hound!!
The hell hound dies!
The damnation engulfs the fire elemental!!
The fire elemental is destroyed!
You block the culicivora's attack.
You hear a faint skittering sound.
Found an iron ring and 21 gold pieces.
The culicivora bites you but does no damage.
Azrael gestures at you.
The sphere of damnation explodes!
The damnation engulfs you!!
The damnation engulfs the culicivora!
You hear a hideous shriek!
A red film seems to cover your vision as you go berserk!
You feel yourself moving faster!
You feel mighty! You block the culicivora's attack.
A demonic crawler comes into view.
The culicivora bites you but does no damage.
You whack Azrael! You headbutt Azrael!!
Azrael is heavily wounded.
You whack Azrael! You headbutt Azrael, but do no damage.
Azrael is severely wounded.
Azrael is no longer blind.
The culicivora bites you!
The culicivora draws strength from your injuries!
Azrael hits you with a +3 scimitar of flaming.
You thrash Azrael!! You headbutt Azrael!
You kill Azrael!
Trog accepts your kill.
You hit the radroach.
The radroach is lightly wounded.
You block the culicivora's attack.
You whack the radroach! You headbutt the radroach!
The radroach is heavily wounded.
The radroach bites you but does no damage.
The radroach claws you but does no damage.
You whack the radroach!
The radroach is severely wounded.
The culicivora bites you but does no damage.
The hell hound breathes flames at you.
The blast of flame is repelled.
You whack the culicivora!
The culicivora is poisoned.
The culicivora is almost dead.
The demonic crawler shrieks in warning!
You punish the culicivora, causing immense pain!!!
You kill the culicivora!
Trog accepts your kill. You block the hell hound's attack.
The radroach misses you. x2
You hit the radroach.
The radroach is poisoned.
You headbutt the radroach, but do no damage.
The radroach is severely wounded.
You whack the radroach!
The radroach is severely wounded.
You block the hell hound's attack.
The radroach bites you but does no damage.
The radroach claws you but does no damage.
The tarantella's many legs skitter faintly.
You whack the radroach!
The radroach is almost dead.
The redback bites you.
You are poisoned.
The redback poisons you! You block the hell hound's attack.
A tarantella comes into view.
The tarantella's many legs skitter faintly.
You whack the radroach!
The radroach looks as sick as possible!
Your headbutt misses the radroach.
The radroach is almost dead.
You feel very sick.
You thrash the radroach!!
You kill the radroach!
Trog accepts your kill.
You feel very sick. The redback completely misses you.
The hell hound breathes flames at you. The blast of flame hits you. You resist.
* * * LOW HITPOINT WARNING * * *
You closely miss the redback.
You feel very sick.
The redback bites you but does no damage.
You thrash the emperor scorpion!! You headbutt the emperor scorpion!!
The emperor scorpion is moderately wounded.
You feel sick.
The hell hound bites you but does no damage.
You hit the emperor scorpion.
The emperor scorpion is moderately wounded.
You feel very sick. The redback bites you.
* * * LOW HITPOINT WARNING * * *
You are more poisoned.
The redback poisons you!
You block the emperor scorpion's attack.
The emperor scorpion barely misses you.
The emperor scorpion claws you but does no damage.
You thrash the emperor scorpion!!
Your headbutt misses the emperor scorpion.
The emperor scorpion is heavily wounded.
You feel very sick. You block the hell hound's attack.
You hit the emperor scorpion but do no damage.
The emperor scorpion is heavily wounded.
You feel extremely sick. You block the demonic crawler's attack.
The demonic crawler barely misses you. You block the demonic crawler's attack.
The redback bites you but does no damage.
The emperor scorpion stings you!
* * * LOW HITPOINT WARNING * * *
The emperor scorpion barely misses you. The emperor scorpion misses you.
The hell hound closely misses you.
You whack the emperor scorpion!
The emperor scorpion is poisoned.
You headbutt the emperor scorpion!
The emperor scorpion is severely wounded.
You feel very sick.
You whack the emperor scorpion! You headbutt the emperor scorpion!
You kill the emperor scorpion!
Trog accepts your kill.
You feel very sick. You block the redback's attack.
The demonic crawler hits you but does no damage.
The demonic crawler barely misses you. x2
The hell hound breathes flames at you.
The blast of flame hits you but does no damage.
You thrash the hell hound!! Your headbutt misses the hell hound.
The hell hound is severely wounded.
You feel very sick. You block the redback's attack.
You whack the hell hound!
You kill the hell hound!
Trog accepts your kill.
You feel very sick. You block the demonic crawler's attack.
The demonic crawler hits you but does no damage. x2
You whack the redback!
The redback looks as sick as possible!
The redback is heavily wounded.
You feel very sick. The redback bites you!
* * * LOW HITPOINT WARNING * * *
You are lethally poisoned!
The redback poisons you! You block the redback's attack.
You hit the redback.
The redback looks as sick as possible!
Your headbutt misses the redback.
The redback is severely wounded.
* * * LOW HITPOINT WARNING * * *
You feel extremely sick.
You kill the redback!
Trog accepts your kill. You block the demonic crawler's attack.
The demonic crawler misses you. You block the demonic crawler's attack.
You block the redback's attack.
You thrash the redback!!
The redback is almost dead.
* * * LOW HITPOINT WARNING * * *
You feel very sick. The tarantella closely misses you.
You closely miss the redback.
The redback is almost dead.
* * * LOW HITPOINT WARNING * * *
You feel extremely sick. The demonic crawler closely misses you.
The demonic crawler hits you.
* * * LOW HITPOINT WARNING * * *
The demonic crawler hits you but does no damage.
The redback barely misses you.
You barely miss the redback.
The redback is almost dead.
* * * LOW HITPOINT WARNING * * *
You feel very sick.
Unknown command.
You die...

.....#........#### ##..
.....#...#.....^.## #..
...=.##..#........# #<.
......####..#....## #..
..^......####....^# #..
#.........:....## ##.
####.ss†.....^...# #.
#....s...........# ##
#....s#@.....#.^## #
##....#..^..##### #
#......#^...##..## #
#......######....## #
##..... ##.##.....#######
#......##..†........##...
#$...=##............#....
######..(.....#.........
#.^#>#.......##.........


You could see a demonic crawler and 2 tarantellas.

Vanquished Creatures
  Jorgrun (D:12)
  A sphinx (D:13)
  Gastronok (Lair:1)
  A storm dragon (D:13)
  A fire giant (D:13)
  A ghost moth (Spider:2)
  2 emperor scorpions
  2 orc warlords
  2 broodmothers (Spider:2)
  Azrael (Spider:2)
  A white draconian (IceCv)
  Josephine (D:12)
  3 entropy weavers
  2 vault guards (D:13)
  8 hydras
  A radroach (Spider:2)
  A two-headed ogre (D:13)
  2 centaur warriors (D:15)
  4 boulder beetles
  Erica (Orc:1)
  2 tengu warriors
  10 death yaks
  A deep troll earth mage (D:13)
  An orc high priest (Orc:2)
  A sun demon (Lair:5)
  Nergalle (Lair:2)
  2 pharaoh ants (Spider:1)
  4 skeletal warriors
  Amaemon (Lair:2)
  A deep troll (D:15)
  3 wizards
  2 orb spiders (Spider:2)
  A lindwurm (Lair:5)
  Pikel (D:4)
  4 orc knights
  A deep elf zephyrmancer (D:15)
  3 necromancers
  4 orc sorcerers
  3 deep elf pyromancers
  20 ugly things
  2 wolf spiders
  4 manticores
  3 cyclopes
  A moth of wrath (Spider:1)
  Joseph (D:9)
  2 black mambas
  16 elephants
  A centaur zombie (D:15)
  A naga mage (D:15)
  2 ice statues (IceCv)
  2 torpor snails
  A smoke demon (Lair:5)
  2 gargoyles
  10 cane toads
  3 orange demons
  A centaur skeleton (D:15)
  Maggie (D:9)
  A cane toad (shapeshifter) (D:15)
  7 rime drakes
  A demonic crawler (Spider:2)
  Psyche (D:12)
  12 komodo dragons
  2 unseen horrors (D:12)
  3 ice devils (Lair:5)
  A tengu conjurer (D:15)
  2 queen bees
  7 trolls
  2 meliai (D:12)
  3 polar bears
  9 blink frogs
  A wind drake (Lair:2)
  5 tarantellas
  A harpy skeleton (D:15)
  Grinder (D:3)
  11 slime creatures (D:13)
  5 dream sheep
  14 culicivoras
  21 jumping spiders
  A centaur simulacrum (D:15)
  2 vampires
  2 shadows
  2 wyverns
  8 wraiths
  A hog (shapeshifter) (D:13)
  37 yaks
  3 basilisks
  20 humans
  33 redbacks
  4 steam dragons
  2 wargs (Orc:1)
  Duvessa (D:4)
  15 water moccasins
  4 acid dragons
  5 hell hounds
  A swamp drake (D:10)
  2 ice beasts
  A black bear (D:11)
  39 orc warriors
  7 ogres
  3 centaurs
  2 phantoms
  5 kobold brigands
  Blork the orc (D:5)
  2 elf zombies (Ossuary)
  16 bullfrogs
  2 gnoll sergeants (D:6)
  A necrophage (D:5)
  8 scorpions
  22 wights
  Dowan (D:4)
  25 killer bees
  2 lindwurm simulacra (IceCv)
  6 vampire bats (Bailey)
  2 howler monkeys
  8 wolf zombies (Bailey)
  6 komodo dragon simulacra (IceCv)
  A human zombie (Ossuary)
  A jelly (D:6)
  4 hounds
  22 orc priests
  A gnoll bouda (D:5)
  Terence (D:3)
  7 iguanas
  Ijyb (D:4)
  32 orc wizards
  2 mummies (Ossuary)
  Robin (D:4)
  7 gnolls
  9 acid dragon simulacra (IceCv)
  9 adders
  4 steam dragon simulacra (IceCv)
  2 worms
  2 dart slugs (D:3)
  86 orcs
  10 endoplasms
  4 giant cockroaches
  16 goblins
  9 hobgoblins
  7 jackals
  4 quokkas
  5 ball pythons
  3 bats
  3 frilled lizards
  14 hobgoblin zombies (Ossuary)
  A jackal zombie (Ossuary)
  34 kobolds
  11 kobold zombies (Ossuary)
  24 orc zombies
  A quokka zombie (D:6)
  4 rats
  5 rat zombies
915 creatures vanquished.

Vanquished Creatures (others)
  2 fire elementals (Spider:2)
  A hell hound (Spider:2)
  2 orcs
  A goblin (D:7)
  38 fungi
  71 plants
115 creatures vanquished.

Grand Total: 1030 creatures vanquished

Notes
Turn   | Place    | Note
-------+----------+-------------------------------------------
     0 | D:1      | sleeves the Demonspawn Berserker began the quest for the
                  | Orb.
     0 | D:1      | Reached XP level 1. HP: 18/18 MP: 1/1
    90 | D:1      | HP: 9/18 [quokka (5)]
    93 | D:1      | Reached skill level 3 in Maces & Flails
   231 | D:1      | HP: 8/18 [frilled lizard (2)]
   237 | D:1      | HP: 8/18 [giant cockroach (2)]
   338 | D:1      | Gained mutation: A meltable shield of frost defends you.
                  | (SH +0) [demonic ancestry]
   338 | D:1      | Reached XP level 2. HP: 14/24 MP: 2/2
   847 | D:2      | Gained mutation: Spells you cast may paralyse adjacent
                  | enemies. [demonic ancestry]
   847 | D:2      | Reached XP level 3. HP: 19/29 MP: 3/3
   951 | D:2      | Reached skill level 4 in Maces & Flails
   989 | D:2      | Found a faded altar of an unknown god.
  1424 | D:2      | Reached ** piety under Trog
  1912 | D:3      | Gained mutation: Spells you cast may paralyse nearby
                  | enemies. [demonic ancestry]
  1912 | D:3      | Reached XP level 4. HP: 32/35 MP: 4/4
  1971 | D:3      | Noticed Grinder
  1981 | D:3      | Paralysed by Grinder for 5 turns
  1985 | D:3      | HP: 17/35 [Grinder (6)]
  1991 | D:3      | Paralysed by Grinder for 4 turns
  1994 | D:3      | HP: 25/52 [Grinder (2)]
  2000 | D:3      | Paralysed by Grinder for 4 turns
  2013 | D:3      | Killed Grinder
  2014 | D:3      | Reached skill level 6 in Maces & Flails
  2014 | D:3      | Gained mutation: You have a pair of small horns on your
                  | head. [demonic ancestry]
  2014 | D:3      | Reached XP level 5. HP: 36/41 MP: 5/5
  2153 | D:3      | Reached XP level 6. HP: 44/47 MP: 6/6
  2178 | D:3      | Noticed Sigmund
  2192 | D:3      | Sigmund changed into Sigmund the killer bee
  2192 | D:3      | Noticed Sigmund
  2197 | D:3      | Killed Sigmund the killer bee
  2459 | D:3      | Noticed Terence
  2465 | D:3      | Killed Terence
  3231 | D:3      | Reached skill level 7 in Maces & Flails
  3263 | D:4      | Noticed Dowan
  3265 | D:4      | Noticed Duvessa
  3268 | D:4      | Noticed Pikel
  3352 | D:4      | Reached XP level 7. HP: 52/52 MP: 7/7
  3404 | D:4      | Noticed Robin
  3430 | D:4      | HP: 22/52 [Robin/+7 vorpal mace (5)]
  3432 | D:4      | Killed Robin
  3435 | D:4      | HP: 21/78 [poisoned by a scorpion]
  3629 | D:4      | Identified the ring of the Equinox {rC+ Int+3}
  3866 | D:4      | HP: 21/52 [Pikel/+2 whip of flaming (8)]
  3872 | D:4      | HP: 9/78 [Pikel/+2 whip of flaming (3)]
  3873 | D:4      | Killed Pikel
  3874 | D:4      | Reached skill level 9 in Maces & Flails
  3874 | D:4      | Gained mutation: You are surrounded by a mild repulsion
                  | field. (EV +2) [demonic ancestry]
  3874 | D:4      | Reached XP level 8. HP: 10/58 MP: 8/8
  4209 | D:4      | Killed Dowan
  4212 | D:4      | HP: 37/87 [Duvessa/+5 antimagic short sword (19)]
  4214 | D:4      | Killed Duvessa
  4293 | D:4      | Noticed Ijyb
  4330 | D:4      | Killed Ijyb
  4330 | D:4      | Reached *** piety under Trog
  4369 | D:5      | Entered Level 5 of the Dungeon
  4425 | D:5      | Found a staircase to the Ecumenical Temple.
  4464 | D:5      | HP: 28/58 [poisoned by a scorpion]
  4469 | D:5      | HP: 19/58 [poisoned by a scorpion]
  4474 | D:5      | HP: 15/58 [poisoned by a scorpion]
  4736 | D:5      | Reached skill level 2 in Armour
  4855 | D:5      | Reached skill level 10 in Maces & Flails
  4865 | D:5      | Noticed Blork the orc
  4897 | D:5      | Killed Blork the orc
  5155 | D:5      | Reached skill level 4 in Fighting
  5155 | D:5      | Reached skill level 3 in Armour
  5313 | D:5      | HP: 29/60 [poisoned by a scorpion]
  5318 | D:5      | HP: 25/60 [poisoned by a scorpion]
  5770 | D:6      | Found a sand-covered staircase.
  5782 | Ossuary  | Entered an ossuary
  5854 | Ossuary  | Reached **** piety under Trog
  5908 | Ossuary  | Gained mutation: You are surrounded by a moderate repulsion
                  | field. (EV +3) [demonic ancestry]
  5908 | Ossuary  | Reached XP level 9. HP: 45/66 MP: 9/9
  6247 | D:6      | Reached skill level 5 in Fighting
  6247 | D:6      | Reached skill level 4 in Armour
  6597 | D:6      | Found an iron altar of Okawaru.
  6822 | D:6      | HP: 33/68 [gnoll sergeant/+5 vampiric spear (7)]
  7159 | D:7      | Found a flagged portal.
  7161 | D:7      | Reached ***** piety under Trog
  7259 | Bailey   | Entered a bailey
  7336 | Bailey   | Noticed a gargoyle
  7340 | Bailey   | Killed a gargoyle
  7341 | Bailey   | Reached skill level 6 in Fighting
  7341 | Bailey   | Reached skill level 11 in Maces & Flails
  7341 | Bailey   | Reached skill level 5 in Armour
  7360 | Bailey   | Identified the +0 ring mail "Poepext" {rElec rC- Int+2}
  7440 | Bailey   | Identified the +1 chain mail of Jaguogh {rC+ Dex+4 Slay+3
                  | Stlth-}
  7555 | Bailey   | Received a gift from Trog
  7563 | Bailey   | HP: 35/71 [wolf zombie (6)]
  7568 | Bailey   | Reached XP level 10. HP: 36/77 MP: 10/10
  7571 | Bailey   | HP: 32/77 [wolf zombie (5)]
  7576 | Bailey   | HP: 28/77 [wolf zombie (1)]
  7581 | Bailey   | HP: 30/115 [wolf zombie (3)]
  8180 | D:7      | Reached skill level 7 in Fighting
  8180 | D:7      | Reached skill level 6 in Armour
  9526 | D:9      | HP: 39/80 [something (23)]
  9531 | D:9      | HP: 28/80 [troll (2)]
  9534 | D:9      | Reached skill level 8 in Fighting
  9534 | D:9      | Reached skill level 7 in Armour
  9703 | D:9      | Found an ornate altar of the Wu Jian Council.
  9703 | D:9      | Noticed Maggie
  9705 | D:9      | Found a broken altar of Ashenzari.
  9742 | D:9      | Killed Maggie
  9743 | D:9      | Reached skill level 12 in Maces & Flails
  9928 | D:9      | Reached XP level 11. HP: 68/87 MP: 11/11
 10083 | D:9      | Noticed Maurice
 10085 | D:9      | Maurice changed into Maurice the acid dragon
 10085 | D:9      | Noticed Maurice
 10089 | D:9      | Killed Maurice the acid dragon
 10142 | D:9      | Noticed Joseph
 10362 | D:9      | HP: 43/87 [steam dragon] (2)]
 10568 | D:9      | Found a blossoming altar of Fedhas.
 10588 | D:9      | Found an opulent altar of Gozag.
 10631 | D:9      | Killed Joseph
 11163 | D:10     | Entered Level 10 of the Dungeon
 11193 | D:10     | Found a staircase to the Orcish Mines.
 11212 | D:10     | Received a gift from Trog
 11293 | D:10     | HP: 33/87 [acid dragon/splash of acid (20)]
 11488 | D:10     | Reached skill level 9 in Fighting
 11883 | D:10     | Reached skill level 8 in Armour
 11918 | D:10     | HP: 41/89 [killer bee (4)]
 11920 | D:10     | HP: 20/89 [killer bee (7)]
 11925 | D:10     | HP: 16/89 [poisoned by a killer bee]
 12918 | D:11     | Reached skill level 10 in Fighting
 12921 | D:11     | Reached skill level 13 in Maces & Flails
 12934 | D:11     | Reached skill level 9 in Armour
 12982 | D:11     | Found a staircase to the Lair.
 13033 | D:11     | HP: 43/90 [cyclops (27)]
 13239 | D:11     | Found a shimmering blue altar of Sif Muna.
 13262 | D:11     | Noticed a boulder beetle
 13279 | D:11     | Killed a boulder beetle
 13595 | D:12     | Noticed a tengu warrior
 13621 | D:12     | Killed a tengu warrior
 13622 | D:12     | Gained mutation: You are surrounded by a strong repulsion
                  | field. (EV +4, RMsl) [demonic ancestry]
 13622 | D:12     | Reached XP level 12. HP: 65/97 MP: 12/12
 13735 | D:12     | HP: 42/97 [meliai/divine providence (13)]
 13740 | D:12     | HP: 21/97 [queen bee (11)]
 13741 | D:12     | Noticed Josephine
 14082 | D:11     | Reached skill level 1 in Shields
 14172 | D:12     | HP: 36/97 [skeletal warrior/+0 halberd (25)]
 14405 | D:12     | HP: 48/97 [red ugly thing (18)]
 14587 | D:12     | Reached skill level 2 in Shields
 14591 | D:12     | HP: 46/97 [cyclops (11)]
 14596 | D:12     | HP: 20/97 [cyclops (27)]
 14860 | D:12     | HP: 67/145 [meliai/+0 flail (6)]
 15084 | D:12     | Noticed Psyche
 15120 | D:12     | Killed Psyche
 15138 | D:12     | Reached skill level 10 in Armour
 15138 | D:12     | Reached skill level 3 in Shields
 15156 | D:12     | Noticed Jorgrun
 15270 | Lair:1   | Entered Level 1 of the Lair of Beasts
 15300 | Lair:1   | Noticed Gastronok
 15309 | Lair:1   | Killed Gastronok
 15384 | Lair:1   | Identified the ring "Onnenimm" {Str+3 Int+6}
 15581 | Lair:1   | Reached skill level 4 in Shields
 15597 | Lair:1   | Found a frozen archway.
 15622 | Lair:1   | Reached skill level 14 in Maces & Flails
 15672 | IceCv    | Entered an ice cave
 15798 | IceCv    | Reached skill level 5 in Shields
 16082 | IceCv    | Noticed a white draconian
 16115 | IceCv    | Killed a white draconian
 16120 | IceCv    | Reached skill level 6 in Shields
 16279 | IceCv    | Identified the ring of Happiness {rF+ rN+ Will- Int+4}
 16285 | IceCv    | Identified the amulet of Spring {Reflect Harm rF+ SH+5}
 16920 | Lair:2   | Reached skill level 7 in Shields
 16949 | Lair:2   | Noticed Amaemon
 16963 | Lair:2   | Killed Amaemon
 16966 | Lair:2   | HP: 72/145 [poisoned by water moccasin (concentrated
                  | venom)]
 16968 | Lair:2   | Gained mutation: Your magical and physical power is
                  | slightly enhanced at high health. [demonic ancestry]
 16968 | Lair:2   | Reached XP level 13. HP: 73/103 MP: 13/13
 16971 | Lair:2   | HP: 43/103 [poisoned by water moccasin (concentrated
                  | venom)]
 16976 | Lair:2   | HP: 44/103 [poisoned by water moccasin (concentrated
                  | venom)]
 17063 | Lair:2   | Noticed Nergalle
 17088 | Lair:1   | Reached skill level 8 in Shields
 17160 | Lair:2   | Killed Nergalle
 17510 | Lair:2   | Found a staircase to the Shoals.
 17821 | Lair:3   | Found a hole to the Spider Nest.
 17884 | Lair:3   | Reached skill level 9 in Shields
 17925 | Lair:3   | Reached ****** piety under Trog
 18027 | Lair:3   | HP: 51/103 [poisoned by a redback]
 18314 | Lair:3   | Reached skill level 10 in Shields
 18336 | Lair:3   | Received a gift from Trog
 18635 | Lair:3   | Reached skill level 11 in Shields
 19123 | Lair:4   | Reached skill level 12 in Shields
 19987 | Lair:5   | Entered Level 5 of the Lair of Beasts
 19995 | Lair:4   | Gained mutation: You have a pair of horns on your head.
                  | [demonic ancestry]
 19995 | Lair:4   | Reached XP level 14. HP: 79/110 MP: 14/14
 20123 | Lair:5   | Reached skill level 13 in Shields
 20183 | Lair:5   | Found a viscous altar of Jiyva.
 20183 | Lair:5   | Found a staircase to the Slime Pits.
 20394 | Lair:5   | Reached skill level 14 in Shields
 20560 | Lair:5   | Received a gift from Trog
 20825 | Lair:5   | Found a burning altar of Makhleb.
 20873 | Lair:5   | HP: 81/165 [orange demon (3)]
 20875 | Lair:5   | HP: 35/110 [smoke demon/divine providence (16)]
 20880 | Lair:5   | HP: 38/110 [poisoned by an orange demon]
 21031 | Lair:5   | Found a gateway to Hell.
 21320 | Orc:1    | Entered Level 1 of the Orcish Mines
 21320 | Orc:1    | Noticed Sonja
 21326 | Orc:1    | Noticed Erica
 21327 | Orc:1    | Sonja changed into Sonja the human
 21327 | Orc:1    | Noticed Sonja
 21339 | Orc:1    | Killed Sonja the human
 21342 | Orc:1    | Killed Erica
 21343 | Orc:1    | Reached skill level 15 in Shields
 21343 | Orc:1    | Reached skill level 2 in Dodging
 21559 | Orc:1    | Reached skill level 3 in Dodging
 21593 | Orc:1    | Noticed an orc warlord
 21632 | Orc:1    | Killed an orc warlord
 21633 | Orc:1    | Reached skill level 4 in Dodging
 21748 | Orc:1    | Found a bloodstained altar of Trog.
 21880 | Orc:2    | Entered Level 2 of the Orcish Mines
 21911 | Orc:2    | Received a gift from Trog
 21920 | Orc:2    | Noticed Urug
 21922 | Orc:2    | Noticed an orc warlord
 22020 | Orc:2    | Reached skill level 5 in Dodging
 22127 | Orc:2    | Found a staircase to the Elven Halls.
 22334 | Orc:2    | Reached skill level 6 in Dodging
 22389 | Orc:2    | HP: 55/110 [orc knight/+0 bardiche (28)]
 22392 | Orc:2    | HP: 26/110 [orc knight/+0 bardiche (7)]
 22431 | Orc:2    | HP: 48/110 [Urug/silver javelin (8)]
 22434 | Orc:2    | Urug changed into Urug the manticore
 22434 | Orc:2    | Noticed Urug
 22440 | Orc:2    | Killed Urug the manticore
 22515 | Orc:2    | HP: 52/110 [orc knight/+0 bardiche (33)]
 22630 | Orc:2    | Killed an orc warlord
 22658 | Orc:2    | Received a gift from Trog
 22677 | Orc:2    | Found Neotzag's Needful Niceties.
 22890 | Orc:2    | Found Lomiyn's Jewellery Boutique.
 22921 | Orc:2    | Found Purphidah's General Store.
 22928 | Orc:2    | Bought a scroll of fear for 44 gold pieces
 22928 | Orc:2    | Bought a scroll of fog for 44 gold pieces
 22928 | Orc:2    | Bought a scroll of enchant weapon for 82 gold pieces
 22941 | Orc:2    | Found Huiseppo's Antique Armour Boutique.
 22957 | Orc:2    | Found Vehom's Antique Weapon Boutique.
 23185 | Orc:2    | Bought a sapphire-encrusted chain mail for 332 gold pieces
 23185 | Orc:2    | Identified the +4 chain mail of Tots {rPois rF+ Int+3} (You
                  | bought it in a shop on level 2 of the Orcish Mines)
 23294 | D:12     | Killed Jorgrun
 23295 | D:12     | Reached skill level 1 in Throwing
 23295 | D:12     | Reached XP level 15. HP: 89/115 MP: 15/15
 23424 | D:12     | Killed Josephine
 23425 | D:12     | Reached skill level 7 in Dodging
 23634 | D:12     | Reached skill level 2 in Throwing
 23983 | D:13     | Found a portal to a secret trove of treasure.
 24036 | D:13     | HP: 45/115 [enormous slime creature (70)]
 24054 | D:13     | HP: 17/115 [very large slime creature (47)]
 24252 | D:13     | Reached skill level 3 in Throwing
 24805 | D:13     | Found a gate to the Vaults.
 24846 | D:13     | Reached skill level 4 in Throwing
 24846 | D:13     | Reached skill level 8 in Dodging
 24857 | D:13     | HP: 50/101 [necromancer/bolt of negative energy (23)]
 25124 | D:13     | Noticed a storm dragon
 25136 | D:13     | Killed a storm dragon
 25153 | D:13     | Noticed a fire giant
 25161 | D:13     | Killed a fire giant
 25170 | D:13     | Reached skill level 5 in Throwing
 25231 | D:13     | Noticed a sphinx
 25236 | D:13     | Killed a sphinx
 25889 | D:14     | Reached skill level 9 in Dodging
 26126 | D:14     | Identified the +2 scale mail of Pipayfa {rPois}
 26194 | D:15     | Entered Level 15 of the Dungeon
 26194 | D:15     | Found Nureipn's Distillery.
 26219 | D:15     | Reached skill level 6 in Throwing
 26224 | D:15     | Received a gift from Trog
 26245 | D:15     | Bought a potion of heal wounds for 70 gold pieces
 26245 | D:15     | Bought a potion of curing for 42 gold pieces
 26276 | D:15     | Gained mutation: You expend magic power (3 MP) to
                  | strengthen your wands. [a neqoxec]
 26278 | D:15     | Gained mutation: You are weak. (Str -2) [a neqoxec]
 26503 | D:15     | Found a staircase to the Depths.
 26602 | D:15     | Reached skill level 7 in Throwing
 26671 | D:15     | Identified 3 scrolls of acquirement
 26672 | D:15     | Acquired a +1 eveningstar of protection
 26674 | D:15     | Acquired a scarf of resistance
 26675 | D:15     | Acquired a manual of Shields
 26688 | D:15     | Reached skill level 10 in Dodging
 27168 | Spider:1 | Entered Level 1 of the Spider Nest
 27208 | Spider:1 | Reached skill level 8 in Throwing
 27262 | Spider:1 | Gained mutation: You have a pair of large horns on your
                  | head. [demonic ancestry]
 27262 | Spider:1 | Reached XP level 16. HP: 117/122 MP: 16/16
 27914 | Spider:2 | Identified the +6 flail of the Immovable Stories {god gift,
                  | flame, Contam rC++ rN+++ Str-3} (Trog gifted it to you on
                  | level 2 of the Spider Nest)
 27914 | Spider:2 | Received a gift from Trog
 28014 | Spider:2 | Reached skill level 9 in Throwing
 28025 | Spider:2 | Reached skill level 16 in Shields
 28385 | Spider:2 | HP: 45/122 [broodmother (18)]
 28386 | Spider:2 | HP: 4/122 [broodmother (29)]
 28393 | Spider:2 | HP: 27/122 [redback[a broodmother] (12)]
 28569 | Spider:2 | Noticed Azrael
 28583 | Spider:2 | Killed Azrael
 28592 | Spider:2 | HP: 91/183 [poisoned by a redback]
 28597 | Spider:2 | HP: 71/183 [poisoned by a redback]
 28602 | Spider:2 | HP: 40/183 [poisoned by a redback]
 28605 | Spider:2 | HP: 16/183 [poisoned by a redback]
 28607 | Spider:2 | HP: 3/183 [poisoned by a redback]
 28608 | Spider:2 | Succumbed to a redback's poison

Illustrated notes

Levels and vault maps discovered:
D:1:      wander_arrival_peaceful_grave, layout_basic
D:2:      layout_loops_cross, basic_ecumenical_altar, minmay_misc_feat_plants,
          minivault_4, kennysheep_path_1, chequers_big_river
D:3:      layout_basic, chequers_serial_rivers_room_b, uniq_sigmund,
          uniq_grinder, uniq_terence
D:4:      layout_cave_pools, uniq_ijyb, uniq_robin, uniq_duvessa, uniq_pikel
D:5:      nicolae_cairo_tiling, layout_basic,
          minmay_temple_entry_statues_pillars, minmay_misc_feat_hallway,
          uniq_blork_the_orc
D:6:      layout_loops_ring, mainiacjoe_overflow_six_doors_small,
          enter_ossuary_4, minmay_misc_feat_diagonals, minmay_puff
D:7:      layout_rooms, enter_bailey_5, hangedman_decor_push
D:8:      layout_loops_ring
D:9:      layout_loops_ring, mainiacjoe_overflow_24_doors,
          gammafunk_temple_overflow_wave, jmf_multi_god_temple, uniq_joseph,
          uniq_maurice, uniq_maggie
D:10:     layout_cave_pools, erik_orc_1, special_room [special_room_bee]
D:11:     layout_cave_pools, due_lair_maze_entry_diamond, tgw_sif
D:12:     layout_stronghold, serial_park_tiny_1, uniq_jorgrun, uniq_psyche,
          uniq_josephine
D:13:     layout_loops_corners, grunt_vaults_entry_tiered,
          nicolae_trove_entry_columns, minmay_diamond_spiral
D:14:     layout_basic, zin_angel
D:15:     grunt_enter_depths_magical_seal, layout_rooms, serial_shops, shop
Lair:1:   layout_roguey, portal_ice_cave_entry_pillars_1, lemuel_fruit_tree,
          uniq_gastronok
Lair:2:   layout_regular_city, minmay_shoals_entry_beasts, st_stairs_13,
          grunt_megastairs_1, serial_bayou_shore_b, uniq_amaemon, uniq_nergalle
Lair:3:   layout_cave_pods, nicolae_spider_entry_tight_spaces,
          beast_lair_carwin_9, lemuel_fruit_fields
Lair:4:   layout_cave_shapes
Lair:5:   evil_forest, layout_hall_layers, slime_entry_1, serial_bayou,
          serial_bayou_pond_c, serial_bayou_shore_b, serial_bayou_shore_b,
          serial_bayou_pond_c, serial_bayou_lagoon_a, serial_bayou_shore_b
Spider:1: layout_spider_delve
Spider:2: layout_spider_delve, uniq_azrael
Orc:1:    layout_caves, trog_butcher_becter, uniq_sonja, uniq_erica
Orc:2:    grunt_orc_cross, layout_caves, gauntlet_entry_generic,
          nicolae_alphabet_shops

Skill      XL: |  1  2  3  4  5  6  7  8  9 10 11 12 13 14 15 16 |
---------------+-------------------------------------------------+-----
Maces & Flails | 3 4 6 7 9 10 11 12 13 14 | 14.0
Armour         | 3 5 7 9 10 | 10.0
Fighting       | 4 6 8 10 | 10.0
Shields        | 7 12 15 16 | 16.6
Dodging        | 6 10 | 10.0
Throwing       | 1 8 9 |  9.7

Action                   |  1- 3 |  4- 6 |  7- 9 | 10-12 | 13-15 | 16-18 || total
-------------------------+-------+-------+-------+-------+-------+-------++-------
Melee: Mace              |   144 |       |   359 |   776 |   502 |       ||  1781
       Punch             |     3 |       |     6 |     5 |       |       ||    14
       Whip              |       |   102 |    43 |       |       |       ||   145
       Headbutt          |       |    12 |    57 |   176 |   401 |    92 ||   738
       Demon whip        |       |       |       |       |   755 |   271 ||  1026
Throw: Dart              |       |     6 |       |       |     1 |       ||     7
Invok: Berserk           |     2 |     2 |     7 |     8 |     5 |     2 ||    26
       Trog's Hand       |       |       |       |     1 |     2 |     1 ||     4
Evoke: Wand              |       |     1 |     7 |     8 |    12 |     1 ||    29
  Use: Scroll            |       |       |       |    14 |    16 |     6 ||    36
       Potion            |       |       |       |     1 |       |     4 ||     5
 Stab: Distracted        |     1 |       |     1 |       |       |     1 ||     3
       Sleeping          |     1 |       |       |       |       |       ||     1
       Confused          |       |       |       |     1 |       |       ||     1
       Invisible         |       |       |       |       |     3 |       ||     3
Armor: Animal skin       |    21 |       |       |       |       |       ||    21
       Leather armour    |     7 |    16 |       |       |       |       ||    23
       Skin              |       |     6 |       |       |       |       ||     6
       Ring mail         |       |    11 |    30 |       |       |       ||    41
       Chain mail        |       |       |   112 |   291 |   261 |    97 ||   761
Dodge: Dodged            |   100 |    24 |   173 |   331 |   327 |   137 ||  1092
       Repelled          |       |       |       |     4 |     7 |     1 ||    12
Block: Other             |    21 |     7 |    55 |    98 |       |       ||   181
       Kite shield       |       |       |       |   124 |   764 |   226 ||  1114
       Reflection        |       |       |       |     3 |    25 |       ||    28

Table legend: (Time is in decaauts)
 A = Elapsed time spent in this place.
 B = Non-inter-level travel time spent in this place.
 C = Inter-level travel time spent in this place.
 D = Time resting spent in this place.
 E = Time spent auto-exploring this place.
 F = Levels seen in this place.
 G = Mean time per level.
                   A        B        C        D        E       F      G
               +--------+--------+--------+--------+--------+-----+--------+
         Total |  28119 |  26788 |   1331 |   3349 |  17280 |  27 | 1041.4 |
       Dungeon |  17936 |  17135 |    801 |   2747 |  11297 |  15 | 1195.7 |
          Lair |   5186 |   4801 |    385 |    206 |   3355 |   5 | 1037.2 |
   Spider Nest |   1313 |   1303 |     10 |     68 |    857 |   2 |  656.5 |
  Orcish Mines |   1814 |   1680 |    134 |      4 |    940 |   2 |  907.0 |
       Ossuary |    316 |    316 |      0 |      0 |    186 |   1 |  316.0 |
        Bailey |    728 |    728 |      0 |    170 |    274 |   1 |  728.0 |
      Ice Cave |    823 |    823 |      0 |    152 |    370 |   1 |  823.0 |
               +--------+--------+--------+--------+--------+-----+--------+

Top non-repeatable levels by time:
    D:12: 2141 daAuts
     D:9: 1837 daAuts
     D:3: 1544 daAuts
    D:13: 1515 daAuts
    D:10: 1315 daAuts
  Lair:3: 1308 daAuts
    D:11: 1302 daAuts
     D:5: 1297 daAuts
     D:6: 1158 daAuts
  Lair:5: 1141 daAuts
   Orc:2: 1121 daAuts
     D:2: 1082 daAuts
  Lair:4: 1000 daAuts
     D:4: 960 daAuts
  Lair:1: 881 daAuts
